Avalanche vs Red Wings

Created - 6 janvier 2021 at 19:56

Goals
1 2 3 T
Avalanche 0 2 1 3
Red Wings 0 0 1 1
Shots
1 2 3 T
Avalanche 6 14 12 32
Red Wings 12 8 10 30

1st period

No Goal

Penalties :
No Penalty

2nd period

1. Avalanche , Ivan Barbashev 3 (Cody Eakin 1, Warren Foegele 1) at 1:36
2. Avalanche , Warren Foegele 2 (Ivan Barbashev 3) at 14:25

Penalties :
Jeff Petry (DET) for High sticking (Minor) at 8:13, John Tavares (DET) for Holding (Minor) at 10:40, Sami Vatanen (DET) for Interference (Minor) at 15:21, Daniel Sprong (COL) for Roughing (Minor) at 19:19

3rd period

3. Avalanche , Josh Bailey 4 (Nino Niederreiter 7, John Klingberg 5) at 3:40
4. Red Wings , Zemgus Girgensons 2 (John Carlson 8, Paul Carey 2) at 13:19

Penalties :
Oliver Bjorkstrand (DET) for Hooking (Minor) at 7:03, Jeff Petry (DET) for Holding (Minor) at 10:31, Jujhar Khaira (DET) for Holding (Minor) at 16:29

Goalie Stats

Michael Hutchinson (COL), 29 saves from 30 shots - (0,967), W, 3-4-0, 60:00 minutes
Carter Hart (DET), 29 saves from 32 shots - (0,906), L, 5-4-1, 60:00 minutes

Players Stats for Avalanche

Player Name              G  A  P  +/- PIM S  H  SB GA TA FO     MP     PP MP  PK MP  
------------------------------------------------------------------------------------
Andrew Copp              0  0  0   1  0   1  0  0  1  0  14/22  19:56   6:29   0:00 
Brian Dumoulin           0  0  0   0  0   2  1  2  0  2  0/0    19:23   4:53   0:00 
Cody Eakin               0  1  1   2  0   3  1  0  1  0  4/7    13:52   0:00   1:23 
Conor Sheary             0  0  0   0  0   0  1  0  0  0  1/5     7:45   0:00   0:10 
Dan Hamhuis              0  0  0   1  0   0  1  0  0  0  0/0    12:13   0:00   0:00 
Daniel Sprong            0  0  0   0  2   0  0  1  0  0  0/0     7:33   0:00   0:00 
Ivan Barbashev           1  1  2   2  0   3  1  1  0  1  0/0    13:16   0:18   0:26 
John Klingberg           0  1  1   1  0   2  1  0  1  1  0/0    25:14   7:01   0:52 
Josh Bailey              1  0  1   1  0   4  1  0  1  0  0/2    20:12   6:19   0:26 
Josh Leivo               0  0  0  -1  0   1  0  2  2  1  1/1    18:15   5:17   0:10 
Keith Yandle             0  0  0   0  0   3  1  1  1  0  0/0    22:33   4:53   1:07 
Marcus Pettersson        0  0  0   1  0   0  1  0  0  0  0/0    13:05   0:00   0:52 
Mark Giordano            0  0  0   1  0   1  2  2  1  1  0/0    27:32   7:01   1:07 
Nino Niederreiter        0  1  1   1  0   6  3  0  0  2  0/1    20:01   6:24   0:00 
Radek Faksa              0  0  0  -1  0   3  0  0  0  0  3/10   17:50   5:17   0:00 
Vladislav Namestnikov    0  0  0  -1  0   0  2  0  0  0  1/3    17:50   5:17   0:00 
Warren Foegele           1  1  2   2  0   2  1  0  0  0  0/0    12:33   0:21   0:00 
Zack Smith               0  0  0   0  0   1  1  0  0  0  0/0     8:57   0:00   1:23 

Players Stats for Red Wings

Player Name              G  A  P  +/- PIM S  H  SB GA TA FO     MP     PP MP  PK MP  
------------------------------------------------------------------------------------
Cam Atkinson             0  0  0  -2  0   1  2  0  0  0  2/2    15:14   0:59   0:22 
Connor Brown             0  0  0  -2  0   1  0  1  1  0  0/0    14:47   0:59   0:00 
David Pastrnak           0  0  0   0  0   5  1  0  1  1  0/1    16:40   1:00   3:24 
Duncan Keith             0  0  0   1  0   0  0  3  0  0  0/0    20:01   1:12   2:29 
Dylan DeMelo             0  0  0  -2  0   0  1  1  0  1  0/0    21:55   0:00   6:51 
Jeff Petry               0  0  0  -1  4   0  2  0  0  1  0/0    19:50   0:47   4:03 
John Carlson             0  1  1   1  0   3  2  2  1  1  0/0    17:56   1:12   0:30 
John Tavares             0  0  0  -2  2   5  0  1  1  0  6/9    17:10   0:59   1:51 
Jujhar Khaira            0  0  0   1  2   1  3  0  0  0  0/0     8:34   0:00   0:00 
Kasperi Kapanen          0  0  0  -1  0   1  0  0  1  0  0/0    11:03   0:00   0:00 
Lars Eller               0  0  0   0  0   1  0  0  0  1  5/8    20:01   1:00   6:42 
Mark Scheifele           0  0  0   0  0   6  1  0  0  0  10/17  13:33   1:00   0:25 
Noel Acciari             0  0  0  -1  0   0  0  0  0  0  2/10   12:50   0:00   2:06 
Oliver Bjorkstrand       0  0  0  -1  2   0  1  0  1  0  0/0    13:42   0:00   2:40 
Paul Carey               0  1  1   1  0   2  1  0  0  0  2/3     9:03   0:00   0:00 
Sami Vatanen             0  0  0  -2  2   1  0  0  1  2  0/0    21:25   0:47   5:22 
Zdeno Chara              0  0  0  -1  0   0  0  1  0  1  0/0    19:03   0:00   4:33 
Zemgus Girgensons        1  0  1   1  0   3  0  0  1  0  0/1    15:13   0:00   6:18 

3 Stars

1 - Ivan Barbashev (COL)
2 - Warren Foegele (COL)
3 - Michael Hutchinson (COL)

Power Play

Avalanche - 0 on 6 Attempt(s) - 0,00%
Red Wings - 0 on 1 Attempt(s) - 0,00%

Penalty Kill

Avalanche - 1 on 1 Attempt(s) - 100,00% - Score 0 goal in Penalty Kill
Red Wings - 6 on 6 Attempt(s) - 100,00% - Score 0 goal in Penalty Kill

Team Stat

Avalanche - Hits : 18 - Faceoff Wins : 24 - Blocked Shots : 9 - Penalty Minutes : 2
Red Wings - Hits : 14 - Faceoff Wins : 27 - Blocked Shots : 9 - Penalty Minutes : 12

Official

Referees : Dean Morton and Furman South
Linesman : Jake Davis and Dennis Urban

Game Notes

No Game Note

Finance

Level 1 -- Attendance: 3368 (56,13%) -- Ticket Income 437 840 $
Level 2 -- Attendance: 2807 (56,14%) -- Ticket Income 238 595 $
Level 3 -- Attendance: 1162 (58,10%) -- Ticket Income 58 100 $
Level 4 -- Attendance: 2623 (65,58%) -- Ticket Income 65 575 $
Luxury Box -- Attendance: 581 (58,10%) -- Ticket Income 145 250 $
Game was played at the Octopus Arena.
Total Attendance: 10541 (58,56%)
Total Ticket Income: 945 360 $
Other Income: 463 226 $
Total Income: 1 408 586 $

Avalanche

5 vs 5 Forward 
   Center                   Left Wing                Right Wing               Time % Phy DF OF 
 1 Andrew Copp              Josh Bailey              Nino Niederreiter        40     0   2  3  
 2 Radek Faksa              Vladislav Namestnikov    Josh Leivo               30     0   2  3  
 3 Cody Eakin               Ivan Barbashev           Warren Foegele           20     1   2  2  
 4 Conor Sheary             Zack Smith               Daniel Sprong            10     2   2  1  

5 vs 5 Defense 
   Defense                  Defense                                           Time % Phy DF OF 
 1 Mark Giordano            John Klingberg                                    40     1   2  2  
 2 Brian Dumoulin           Keith Yandle                                      30     1   2  2  
 3 Marcus Pettersson        Dan Hamhuis                                       20     1   2  2  
 4 Mark Giordano            Keith Yandle                                      10     1   2  2  

PowerPlay Forward 
   Center                   Left Wing                Right Wing               Time % Phy DF OF 
 1 Andrew Copp              Josh Bailey              Nino Niederreiter        60     1   2  2  
 2 Radek Faksa              Vladislav Namestnikov    Josh Leivo               40     1   2  2  

PowerPlay Defense
   Defense                  Defense                                           Time % Phy DF OF 
 1 Mark Giordano            John Klingberg                                    60     0   2  3  
 2 Brian Dumoulin           Keith Yandle                                      40     0   2  3  

Penalty Kill 4 Players Forward 
   Center                   Wing                     Time % Phy DF OF 
 1 Cody Eakin               Zack Smith               60     1   2  2  
 2 Ivan Barbashev           Josh Bailey              40     1   2  2  

Penalty Kill 4 Players Defense
   Defense                  Defense                  Time % Phy DF OF 
 1 Mark Giordano            Keith Yandle             60     1   2  2  
 2 John Klingberg           Marcus Pettersson        40     1   2  2  

Penalty Kill - 3 Players Forward 
   Forward                                           Time % Phy DF OF 
 1 Cody Eakin                                        60     1   4  0  
 2 Zack Smith                                        40     1   4  0  

Penalty Kill - 3 Players Defense
   Defense                  Defense                  Time % Phy DF OF 
 1 Mark Giordano            Brian Dumoulin           60     1   3  1  
 2 Dan Hamhuis              Marcus Pettersson        40     1   3  1  

4 vs 4 Forward 
   Center                   Wing                     Time % Phy DF OF 
 1 Radek Faksa              Vladislav Namestnikov    60     1   2  2  
 2 Andrew Copp              Ivan Barbashev           40     1   2  2  

4 vs 4 Defense
   Defense                  Defense                  Time % Phy DF OF 
 1 Mark Giordano            Brian Dumoulin           60     1   2  2  
 2 John Klingberg           Marcus Pettersson        40     1   2  2  

Last Minutes Offensive
   Center                   Left Wing                Right Wing               Defense                  Defense                  
   Radek Faksa              Andrew Copp              Vladislav Namestnikov    Mark Giordano            John Klingberg           

Last Minutes Defensive
   Center                   Left Wing                Right Wing               Defense                  Defense                  
   Radek Faksa              Ivan Barbashev           Vladislav Namestnikov    Mark Giordano            Brian Dumoulin           

Goaltenders
Starting : Michael Hutchinson       
Backup : Joonas Korpisalo         

Extra Forwards
Normal : Josh Leivo, Ivan Barbashev, Cody Eakin - PP : Warren Foegele, Ivan Barbashev - PK : Cody Eakin
Extra Defensemen
Normal : Brian Dumoulin, Dan Hamhuis, John Klingberg - PP : Brian Dumoulin - PK : Dan Hamhuis, John Klingberg
Penalty Shots
Josh Bailey, Radek Faksa, Andrew Copp, Vladislav Namestnikov, Ivan Barbashev
Custom OT Lines Forwards
Josh Bailey, Radek Faksa, Andrew Copp, Vladislav Namestnikov, Ivan Barbashev, Nino Niederreiter, Josh Leivo, Cody Eakin, Zack Smith, Conor Sheary
Custom OT Lines Defensemen
Mark Giordano, Dan Hamhuis, John Klingberg, Marcus Pettersson, Brian Dumoulin

Scratches
Samuel Blais (Healthy), Matt Roy (Healthy), Cameron Gaunce (Healthy)

Red Wings

5 vs 5 Forward 
   Center                   Left Wing                Right Wing               Time % Phy DF OF 
 1 Mark Scheifele           David Pastrnak           Lars Eller               30     1   2  2  
 2 John Tavares             Cam Atkinson             Connor Brown             30     1   2  2  
 3 Noel Acciari             Kasperi Kapanen          Oliver Bjorkstrand       25     1   2  2  
 4 Paul Carey               Jujhar Khaira            Zemgus Girgensons        15     1   2  2  

5 vs 5 Defense 
   Defense                  Defense                                           Time % Phy DF OF 
 1 John Carlson             Duncan Keith                                      34     1   2  2  
 2 Jeff Petry               Zdeno Chara                                       33     1   2  2  
 3 Sami Vatanen             Dylan DeMelo                                      33     1   2  2  
 4 John Carlson             Duncan Keith                                      0      1   2  2  

PowerPlay Forward 
   Center                   Left Wing                Right Wing               Time % Phy DF OF 
 1 Mark Scheifele           David Pastrnak           Lars Eller               50     1   2  2  
 2 John Tavares             Cam Atkinson             Connor Brown             50     1   2  2  

PowerPlay Defense
   Defense                  Defense                                           Time % Phy DF OF 
 1 John Carlson             Duncan Keith                                      50     1   2  2  
 2 Jeff Petry               Sami Vatanen                                      50     1   2  2  

Penalty Kill 4 Players Forward 
   Center                   Wing                     Time % Phy DF OF 
 1 Lars Eller               Zemgus Girgensons        60     1   2  2  
 2 Noel Acciari             Lars Eller               40     1   2  2  

Penalty Kill 4 Players Defense
   Defense                  Defense                  Time % Phy DF OF 
 1 Sami Vatanen             Dylan DeMelo             60     1   2  2  
 2 Jeff Petry               Zdeno Chara              40     1   2  2  

Penalty Kill - 3 Players Forward 
   Forward                                           Time % Phy DF OF 
 1 Lars Eller                                        60     1   2  2  
 2 Noel Acciari                                      40     1   2  2  

Penalty Kill - 3 Players Defense
   Defense                  Defense                  Time % Phy DF OF 
 1 Sami Vatanen             Dylan DeMelo             60     1   2  2  
 2 Jeff Petry               Zdeno Chara              40     1   2  2  

4 vs 4 Forward 
   Center                   Wing                     Time % Phy DF OF 
 1 Mark Scheifele           David Pastrnak           50     1   2  2  
 2 John Tavares             Lars Eller               50     1   2  2  

4 vs 4 Defense
   Defense                  Defense                  Time % Phy DF OF 
 1 John Carlson             Sami Vatanen             50     1   2  2  
 2 Jeff Petry               Dylan DeMelo             50     1   2  2  

Last Minutes Offensive
   Center                   Left Wing                Right Wing               Defense                  Defense                  
   Mark Scheifele           David Pastrnak           Lars Eller               John Carlson             Duncan Keith             

Last Minutes Defensive
   Center                   Left Wing                Right Wing               Defense                  Defense                  
   Mark Scheifele           David Pastrnak           Lars Eller               John Carlson             Duncan Keith             

Goaltenders
Starting : Carter Hart              
Backup : Marc-Andre Fleury        

Extra Forwards
Normal : Paul Carey, Kasperi Kapanen, Oliver Bjorkstrand - PP : Paul Carey, Kasperi Kapanen - PK : Oliver Bjorkstrand
Extra Defensemen
Normal : Sami Vatanen, Dylan DeMelo, Jeff Petry - PP : Sami Vatanen - PK : Dylan DeMelo, Jeff Petry
Penalty Shots
Mark Scheifele, David Pastrnak, John Tavares, Lars Eller, Cam Atkinson
Custom OT Lines Forwards
Mark Scheifele, David Pastrnak, John Tavares, Lars Eller, Cam Atkinson, Connor Brown, Kasperi Kapanen, Oliver Bjorkstrand, Noel Acciari, Zemgus Girgensons
Custom OT Lines Defensemen
John Carlson, Duncan Keith, Jeff Petry, Zdeno Chara, Sami Vatanen

Scratches
Nick Bonino (Broken Right Foot Toe Injury)

% Time on Ice - Avalanche

Lines # - Real PCT - Wanted PCT - Time Play
Normal Forward
1 - 30% - 40% - 13:52
2 - 27% - 30% - 12:33
3 - 26% - 20% - 12:08
4 - 16% - 10% - 7:34
Normal Defense
1 - 39% - 40% - 18:00
2 - 31% - 30% - 14:30
3 - 26% - 20% - 12:13
4 - 3% - 10% - 1:24
PP Forward
1 - 56% - 60% - 6:37
2 - 44% - 40% - 5:17
PP Defense
1 - 59% - 60% - 7:01
2 - 41% - 40% - 4:53
PK Forward
1 - 78% - 60% - 1:33
2 - 22% - 40% - 0:26
PK Defense
1 - 56% - 60% - 1:07
2 - 44% - 40% - 0:52
PK3 Forward
1 - 0% - 60%
2 - 0% - 40%
PK3 Defense
1 - 0% - 60%
2 - 0% - 40%
44 Forward
1 - 0% - 60%
2 - 0% - 40%
44 Defense
1 - 0% - 60%
2 - 0% - 40%
Last Minute Offensive  - 0:00
Last Minute Defensive  - 0:00
Total
Forward - 60:00
Defense - 60:00

% Time on Ice - Red Wings

Lines # - Real PCT - Wanted PCT - Time Play
Normal Forward
1 - 28% - 30% - 12:51
2 - 31% - 30% - 14:04
3 - 23% - 25% - 10:38
4 - 19% - 15% - 8:34
Normal Defense
1 - 35% - 34% - 16:20
2 - 32% - 33% - 14:49
3 - 31% - 33% - 14:24
4 - 1% - 0% - 0:34
PP Forward
1 - 50% - 50% - 1:00
2 - 50% - 50% - 0:59
PP Defense
1 - 61% - 50% - 1:12
2 - 39% - 50% - 0:47
PK Forward
1 - 82% - 60% - 9:48
2 - 18% - 40% - 2:06
PK Defense
1 - 62% - 60% - 7:21
2 - 38% - 40% - 4:33
PK3 Forward
1 - 0% - 60%
2 - 0% - 40%
PK3 Defense
1 - 0% - 60%
2 - 0% - 40%
44 Forward
1 - 0% - 50%
2 - 0% - 50%
44 Defense
1 - 0% - 50%
2 - 0% - 50%
Last Minute Offensive  - 0:00
Last Minute Defensive  - 0:00
Total
Forward - 60:00
Defense - 60:00

Play-by-Play

1st period


0:01 of 1st period - Andrew Copp wins face-off versus Mark Scheifele in neutral zone.
0:12 of 1st period - Wrist shot by Josh Bailey.
0:12 of 1st period - Shot Misses the Net.
0:26 of 1st period - Connor Brown is hit by Vladislav Namestnikov and loses puck.
0:35 of 1st period - Snap shot by John Tavares.
0:35 of 1st period - Shot Misses the Net.
1:07 of 1st period - Icing by Oliver Bjorkstrand.
1:08 of 1st period - Paul Carey wins face-off versus Conor Sheary in Red Wings zone.
1:13 of 1st period - Zdeno Chara is hit by Zack Smith and loses puck.
1:22 of 1st period - Snap shot by Daniel Sprong.
1:22 of 1st period - Deflect By Conor Sheary.
1:22 of 1st period - Shot Blocked by Zdeno Chara.
1:22 of 1st period - Puck is out of play.
1:23 of 1st period - Cam Atkinson wins face-off versus Andrew Copp in Red Wings zone.
1:36 of 1st period - Snap shot by Nino Niederreiter.
1:36 of 1st period - Stopped by Carter Hart with a rebound.
1:38 of 1st period - Backhand shot by Josh Bailey.
1:38 of 1st period - Deflect By Andrew Copp.
1:38 of 1st period - Shot Misses the Net.
1:38 of 1st period - Puck is out of play.
1:39 of 1st period - Mark Scheifele wins face-off versus Radek Faksa in Red Wings zone.
1:50 of 1st period - Snap shot by Mark Scheifele.
1:50 of 1st period - Shot Misses the Net.
2:09 of 1st period - Slapshot by Mark Scheifele.
2:09 of 1st period - Stopped by Michael Hutchinson with a rebound.
2:11 of 1st period - Slapshot by Noel Acciari.
2:11 of 1st period - Shot Blocked by Mark Giordano.
3:05 of 1st period - Wrist shot by Mark Scheifele.
3:05 of 1st period - Stopped by Michael Hutchinson without a rebound.
3:06 of 1st period - Vladislav Namestnikov wins face-off versus Mark Scheifele in Avalanche zone.
3:57 of 1st period - Wrist shot by Ivan Barbashev.
3:57 of 1st period - Stopped by Carter Hart without a rebound.
3:58 of 1st period - John Tavares wins face-off versus Cody Eakin in Red Wings zone.
4:28 of 1st period - Icing by Mark Giordano.
4:29 of 1st period - Andrew Copp wins face-off versus Mark Scheifele in Avalanche zone.
4:29 of 1st period - Andrew Copp is hit by John Carlson.
4:57 of 1st period - Off-side.
4:58 of 1st period - Radek Faksa wins face-off versus Noel Acciari in neutral zone.
5:11 of 1st period - Wrist shot by Oliver Bjorkstrand.
5:11 of 1st period - Shot Misses the Net.
5:13 of 1st period - Wrist shot by Kasperi Kapanen.
5:13 of 1st period - Shot Misses the Net.
5:31 of 1st period - Slapshot by Zemgus Girgensons.
5:31 of 1st period - Shot Blocked by Ivan Barbashev.
5:47 of 1st period - Wrist shot by John Tavares.
5:47 of 1st period - Stopped by Michael Hutchinson with a rebound.
5:49 of 1st period - Slapshot by Dylan DeMelo.
5:49 of 1st period - Deflect By Cam Atkinson.
5:49 of 1st period - Shot Misses the Net.
5:49 of 1st period - Puck is out of play.
5:50 of 1st period - John Tavares wins face-off versus Radek Faksa in Avalanche zone.
6:31 of 1st period - Snap shot by Andrew Copp.
6:31 of 1st period - Shot Misses the Net.
6:33 of 1st period - Wrist shot by Andrew Copp.
6:33 of 1st period - Shot Blocked by John Carlson.
6:45 of 1st period - Zack Smith is hit by David Pastrnak and loses puck.
7:06 of 1st period - Brian Dumoulin is hit by Jujhar Khaira and loses puck.
7:25 of 1st period - Snap shot by Ivan Barbashev.
7:25 of 1st period - Shot Misses the Net.
7:27 of 1st period - Wrist shot by Keith Yandle.
7:27 of 1st period - Shot Misses the Net.
7:46 of 1st period - Josh Bailey is hit by Jeff Petry and loses puck.
8:49 of 1st period - Wrist shot by Cam Atkinson.
8:49 of 1st period - Shot Misses the Net.
8:51 of 1st period - Snap shot by Connor Brown.
8:51 of 1st period - Stopped by Michael Hutchinson with a rebound.
9:01 of 1st period - Snap shot by Nino Niederreiter.
9:01 of 1st period - Stopped by Carter Hart without a rebound.
9:02 of 1st period - Mark Scheifele wins face-off versus Andrew Copp in Red Wings zone.
9:43 of 1st period - Slapshot by Kasperi Kapanen.
9:43 of 1st period - Shot Misses the Net.
10:01 of 1st period - Jeff Petry is hit by Warren Foegele and loses puck.
10:21 of 1st period - Zack Smith is hit by Paul Carey and loses puck.
10:28 of 1st period - Snap shot by Zemgus Girgensons.
10:28 of 1st period - Shot Misses the Net.
10:30 of 1st period - Wrist shot by Jujhar Khaira.
10:30 of 1st period - Shot Misses the Net.
10:32 of 1st period - Slapshot by Jujhar Khaira.
10:32 of 1st period - Shot Blocked by Daniel Sprong.
10:34 of 1st period - Slapshot by Zdeno Chara.
10:34 of 1st period - Shot Misses the Net.
11:23 of 1st period - Marcus Pettersson is hit by Jujhar Khaira.
11:46 of 1st period - Off-side.
11:47 of 1st period - Mark Scheifele wins face-off versus Andrew Copp in neutral zone.
12:28 of 1st period - Wrist shot by Nino Niederreiter.
12:28 of 1st period - Deflect By Duncan Keith.
12:28 of 1st period - Stopped by Carter Hart with a rebound.
12:30 of 1st period - Slapshot by Andrew Copp.
12:30 of 1st period - Stopped by Carter Hart with a rebound.
12:48 of 1st period - Wrist shot by Mark Scheifele.
12:48 of 1st period - Stopped by Michael Hutchinson with a rebound.
12:50 of 1st period - Slapshot by Duncan Keith.
12:50 of 1st period - Shot Misses the Net.
12:52 of 1st period - Snap shot by John Carlson.
12:52 of 1st period - Shot Misses the Net.
12:54 of 1st period - Snap shot by Lars Eller.
12:54 of 1st period - Shot Misses the Net.
13:04 of 1st period - Wrist shot by David Pastrnak.
13:04 of 1st period - Stopped by Michael Hutchinson with a rebound.
13:10 of 1st period - Snap shot by Mark Scheifele.
13:10 of 1st period - Deflect By David Pastrnak.
13:10 of 1st period - Stopped by Michael Hutchinson with a rebound.
13:24 of 1st period - Snap shot by Mark Scheifele.
13:24 of 1st period - Shot Misses the Net.
13:26 of 1st period - Snap shot by Mark Scheifele.
13:26 of 1st period - Shot Misses the Net.
13:40 of 1st period - David Pastrnak is hit by Brian Dumoulin and loses puck.
13:47 of 1st period - Slapshot by John Carlson.
13:47 of 1st period - Shot Blocked by Brian Dumoulin.
13:49 of 1st period - Slapshot by Duncan Keith.
13:49 of 1st period - Deflect By David Pastrnak.
13:49 of 1st period - Stopped by Michael Hutchinson without a rebound.
13:50 of 1st period - Josh Leivo wins face-off versus Noel Acciari in Avalanche zone.
15:17 of 1st period - Off-side.
15:18 of 1st period - John Tavares wins face-off versus Conor Sheary in neutral zone.
15:21 of 1st period - Slapshot by John Tavares.
15:21 of 1st period - Shot Misses the Net.
15:31 of 1st period - Backhand shot by John Tavares.
15:31 of 1st period - Stopped by Michael Hutchinson with a rebound.
16:16 of 1st period - Ivan Barbashev is hit by Jujhar Khaira and loses puck.
17:43 of 1st period - Wrist shot by Josh Bailey.
17:43 of 1st period - Stopped by Carter Hart with a rebound.
17:55 of 1st period - John Klingberg is hit by John Carlson and loses puck.
18:19 of 1st period - Icing by Duncan Keith.
18:20 of 1st period - Radek Faksa wins face-off versus Paul Carey in Red Wings zone.
18:33 of 1st period - Snap shot by Zemgus Girgensons.
18:33 of 1st period - Shot Misses the Net.
19:11 of 1st period - Wrist shot by John Carlson.
19:11 of 1st period - Stopped by Michael Hutchinson with a rebound.
19:13 of 1st period - Slapshot by Zemgus Girgensons.
19:13 of 1st period - Shot Blocked by Josh Leivo.
19:15 of 1st period - Slapshot by Zemgus Girgensons.
19:15 of 1st period - Shot Blocked by Brian Dumoulin.
19:17 of 1st period - Snap shot by Jujhar Khaira.
19:17 of 1st period - Stopped by Michael Hutchinson with a rebound.
19:19 of 1st period - Snap shot by Zemgus Girgensons.
19:19 of 1st period - Shot Blocked by Josh Leivo.
19:27 of 1st period - Backhand shot by Paul Carey.
19:27 of 1st period - Stopped by Michael Hutchinson with a rebound.
19:31 of 1st period - Snap shot by Paul Carey.
19:31 of 1st period - Shot Misses the Net.
Goals for this period are 0 for Avalanche vs 0 for Red Wings.
Shots for this period are 6 for Avalanche vs 12 for Red Wings.

2nd period


0:01 of 2nd period - Andrew Copp wins face-off versus Noel Acciari in neutral zone.
0:25 of 2nd period - Cam Atkinson is hit by Cody Eakin.
0:33 of 2nd period - Snap shot by Cody Eakin.
0:33 of 2nd period - Stopped by Carter Hart with a rebound.
0:51 of 2nd period - Snap shot by Conor Sheary.
0:51 of 2nd period - Shot Misses the Net.
0:53 of 2nd period - Slapshot by Conor Sheary.
0:53 of 2nd period - Shot Misses the Net.
1:09 of 2nd period - Cam Atkinson is hit by Nino Niederreiter and loses puck.
1:14 of 2nd period - Wrist shot by Andrew Copp.
1:14 of 2nd period - Shot Blocked by John Tavares.
1:16 of 2nd period - Snap shot by Josh Bailey.
1:16 of 2nd period - Shot Misses the Net.
1:34 of 2nd period - Slapshot by Cody Eakin.
1:34 of 2nd period - Shot Hit the Post.
1:36 of 2nd period - Slapshot by Ivan Barbashev.
1:36 of 2nd period - Goal by Ivan Barbashev - Avalanche : 1 - Red Wings : 0.
1:37 of 2nd period - Andrew Copp wins face-off versus Noel Acciari in neutral zone.
1:39 of 2nd period - Off-side.
1:40 of 2nd period - Andrew Copp wins face-off versus Noel Acciari in neutral zone.
2:05 of 2nd period - Sami Vatanen is hit by Mark Giordano.
2:15 of 2nd period - Slapshot by David Pastrnak.
2:15 of 2nd period - Stopped by Michael Hutchinson with a rebound.
2:35 of 2nd period - Wrist shot by Zemgus Girgensons.
2:35 of 2nd period - Stopped by Michael Hutchinson without a rebound.
2:36 of 2nd period - Andrew Copp wins face-off versus Noel Acciari in Avalanche zone.
3:01 of 2nd period - Snap shot by Mark Scheifele.
3:01 of 2nd period - Stopped by Michael Hutchinson with a rebound.
3:24 of 2nd period - Backhand shot by John Klingberg.
3:24 of 2nd period - Deflect By Duncan Keith.
3:24 of 2nd period - Stopped by Carter Hart without a rebound.
3:25 of 2nd period - John Tavares wins face-off versus Cody Eakin in Red Wings zone.
3:45 of 2nd period - John Tavares is hit by Ivan Barbashev and loses puck.
3:50 of 2nd period - Snap shot by Ivan Barbashev.
3:50 of 2nd period - Shot Blocked by Connor Brown.
4:09 of 2nd period - Off-side.
4:10 of 2nd period - Mark Scheifele wins face-off versus Andrew Copp in neutral zone.
4:19 of 2nd period - Wrist shot by Josh Bailey.
4:19 of 2nd period - Stopped by Carter Hart with a rebound.
4:21 of 2nd period - Snap shot by Andrew Copp.
4:21 of 2nd period - Shot Misses the Net.
4:28 of 2nd period - Icing by Lars Eller.
4:29 of 2nd period - Mark Scheifele wins face-off versus Radek Faksa in Red Wings zone.
5:05 of 2nd period - Icing by John Klingberg.
5:06 of 2nd period - Noel Acciari wins face-off versus Radek Faksa in Avalanche zone.
7:05 of 2nd period - Slapshot by Kasperi Kapanen.
7:05 of 2nd period - Shot Misses the Net.
7:11 of 2nd period - Noel Acciari is hit by Conor Sheary.
7:17 of 2nd period - Slapshot by Keith Yandle.
7:17 of 2nd period - Stopped by Carter Hart without a rebound.
7:18 of 2nd period - Andrew Copp wins face-off versus David Pastrnak in Red Wings zone.
8:13 of 2nd period - Minor Penalty to Jeff Petry for High sticking.
8:14 of 2nd period - Lars Eller wins face-off versus Andrew Copp in Red Wings zone.
9:14 of 2nd period - Snap shot by Radek Faksa.
9:14 of 2nd period - Stopped by Carter Hart with a rebound.
10:13 of 2nd period - Penalty to Jeff Petry is over, Jeff Petry is back on ice.
10:25 of 2nd period - Snap shot by Kasperi Kapanen.
10:25 of 2nd period - Stopped by Michael Hutchinson with a rebound.
10:33 of 2nd period - Snap shot by Ivan Barbashev.
10:33 of 2nd period - Stopped by Carter Hart without a rebound.
10:34 of 2nd period - Conor Sheary wins face-off versus John Tavares in Red Wings zone.
10:40 of 2nd period - Minor Penalty to John Tavares for Holding.
10:41 of 2nd period - Andrew Copp wins face-off versus Lars Eller in Red Wings zone.
11:07 of 2nd period - Lars Eller is hit by Keith Yandle and loses puck.
12:40 of 2nd period - Penalty to John Tavares is over, John Tavares is back on ice.
12:42 of 2nd period - Lars Eller is hit by John Klingberg and loses puck.
14:23 of 2nd period - Snap shot by Warren Foegele.
14:23 of 2nd period - Stopped by Carter Hart with a rebound.
14:25 of 2nd period - Snap shot by Warren Foegele.
14:25 of 2nd period - Goal by Warren Foegele - Avalanche : 2 - Red Wings : 0.
14:26 of 2nd period - Andrew Copp wins face-off versus Noel Acciari in neutral zone.
14:51 of 2nd period - Mark Giordano is hit by Dylan DeMelo and loses puck.
15:18 of 2nd period - Off-side.
15:19 of 2nd period - Mark Scheifele wins face-off versus Conor Sheary in neutral zone.
15:21 of 2nd period - Minor Penalty to Sami Vatanen for Interference.
15:22 of 2nd period - Lars Eller wins face-off versus Andrew Copp in Red Wings zone.
15:22 of 2nd period - Lars Eller is hit by Josh Bailey.
15:37 of 2nd period - Snap shot by Nino Niederreiter.
15:37 of 2nd period - Stopped by Carter Hart without a rebound.
15:38 of 2nd period - Lars Eller wins face-off versus Josh Bailey in Red Wings zone.
16:10 of 2nd period - Slapshot by Keith Yandle.
16:10 of 2nd period - Stopped by Carter Hart with a rebound.
16:12 of 2nd period - Snap shot by Radek Faksa.
16:12 of 2nd period - Stopped by Carter Hart with a rebound.
16:14 of 2nd period - Slapshot by Brian Dumoulin.
16:14 of 2nd period - Stopped by Carter Hart with a rebound.
17:21 of 2nd period - Penalty to Sami Vatanen is over, Sami Vatanen is back on ice.
17:26 of 2nd period - Off-side.
17:27 of 2nd period - Cody Eakin wins face-off versus Noel Acciari in neutral zone.
17:57 of 2nd period - Wrist shot by Zemgus Girgensons.
17:57 of 2nd period - Stopped by Michael Hutchinson without a rebound.
17:58 of 2nd period - Paul Carey wins face-off versus Josh Bailey in Avalanche zone.
17:59 of 2nd period - Snap shot by John Carlson.
17:59 of 2nd period - Shot Misses the Net.
18:01 of 2nd period - Snap shot by Paul Carey.
18:01 of 2nd period - Stopped by Michael Hutchinson without a rebound.
18:02 of 2nd period - Andrew Copp wins face-off versus Mark Scheifele in Avalanche zone.
18:41 of 2nd period - Snap shot by Vladislav Namestnikov.
18:41 of 2nd period - Shot Misses the Net.
18:43 of 2nd period - Slapshot by John Klingberg.
18:43 of 2nd period - Shot Blocked by Duncan Keith.
18:53 of 2nd period - Wrist shot by Conor Sheary.
18:53 of 2nd period - Shot Blocked by Duncan Keith.
18:55 of 2nd period - Slapshot by Brian Dumoulin.
18:55 of 2nd period - Stopped by Carter Hart without a rebound.
18:56 of 2nd period - Mark Scheifele wins face-off versus Conor Sheary in Red Wings zone.
19:05 of 2nd period - Snap shot by Mark Scheifele.
19:05 of 2nd period - Shot Misses the Net.
19:19 of 2nd period - Minor Penalty to Daniel Sprong for Roughing.
19:20 of 2nd period - Mark Scheifele wins face-off versus Cody Eakin in Avalanche zone.
19:25 of 2nd period - Snap shot by David Pastrnak.
19:25 of 2nd period - Stopped by Michael Hutchinson with a rebound.
19:31 of 2nd period - Wrist shot by Mark Scheifele.
19:31 of 2nd period - Stopped by Michael Hutchinson with a rebound.
Goals for this period are 2 for Avalanche vs 0 for Red Wings.
Shots for this period are 14 for Avalanche vs 8 for Red Wings.

3rd period


0:01 of 3rd period - Cody Eakin wins face-off versus John Tavares in neutral zone.
1:19 of 3rd period - Penalty to Daniel Sprong is over, Daniel Sprong is back on ice.
1:36 of 3rd period - Mark Giordano is hit by Oliver Bjorkstrand and loses puck.
1:53 of 3rd period - Snap shot by Josh Leivo.
1:53 of 3rd period - Shot Misses the Net.
1:55 of 3rd period - Slapshot by Mark Giordano.
1:55 of 3rd period - Shot Misses the Net.
1:57 of 3rd period - Slapshot by Keith Yandle.
1:57 of 3rd period - Stopped by Carter Hart without a rebound.
1:58 of 3rd period - Cam Atkinson wins face-off versus Radek Faksa in Red Wings zone.
2:11 of 3rd period - Snap shot by Connor Brown.
2:11 of 3rd period - Shot Misses the Net.
2:23 of 3rd period - Jeff Petry is hit by Dan Hamhuis.
2:24 of 3rd period - Icing by Jeff Petry.
2:25 of 3rd period - Cody Eakin wins face-off versus Mark Scheifele in Red Wings zone.
2:50 of 3rd period - Josh Bailey is hit by Cam Atkinson.
3:18 of 3rd period - Snap shot by Zemgus Girgensons.
3:18 of 3rd period - Shot Misses the Net.
3:30 of 3rd period - Kasperi Kapanen is hit by Mark Giordano.
3:40 of 3rd period - Wrist shot by Josh Bailey.
3:40 of 3rd period - Goal by Josh Bailey - Avalanche : 3 - Red Wings : 0.
3:41 of 3rd period - Mark Scheifele wins face-off versus Vladislav Namestnikov in neutral zone.
4:59 of 3rd period - Marcus Pettersson is hit by Mark Scheifele and loses puck.
5:18 of 3rd period - Wrist shot by Mark Giordano.
5:18 of 3rd period - Shot Misses the Net.
5:35 of 3rd period - Off-side.
5:36 of 3rd period - Cody Eakin wins face-off versus John Tavares in neutral zone.
5:45 of 3rd period - Snap shot by Cody Eakin.
5:45 of 3rd period - Stopped by Carter Hart with a rebound.
5:51 of 3rd period - Wrist shot by Keith Yandle.
5:51 of 3rd period - Deflect By Cody Eakin.
5:51 of 3rd period - Stopped by Carter Hart with a rebound.
6:23 of 3rd period - Wrist shot by John Tavares.
6:23 of 3rd period - Stopped by Michael Hutchinson with a rebound.
6:25 of 3rd period - Slapshot by John Tavares.
6:25 of 3rd period - Stopped by Michael Hutchinson without a rebound.
6:26 of 3rd period - Andrew Copp wins face-off versus Mark Scheifele in Avalanche zone.
6:35 of 3rd period - Slapshot by Mark Giordano.
6:35 of 3rd period - Deflect By Nino Niederreiter.
6:35 of 3rd period - Stopped by Carter Hart without a rebound.
6:36 of 3rd period - Andrew Copp wins face-off versus Mark Scheifele in Red Wings zone.
6:54 of 3rd period - Slapshot by Josh Bailey.
6:54 of 3rd period - Shot Misses the Net.
6:56 of 3rd period - Slapshot by John Klingberg.
6:56 of 3rd period - Stopped by Carter Hart with a rebound.
7:00 of 3rd period - Snap shot by Nino Niederreiter.
7:00 of 3rd period - Stopped by Carter Hart without a rebound.
7:01 of 3rd period - Noel Acciari wins face-off versus Vladislav Namestnikov in Red Wings zone.
7:03 of 3rd period - Minor Penalty to Oliver Bjorkstrand for Hooking.
7:04 of 3rd period - Andrew Copp wins face-off versus Lars Eller in Red Wings zone.
7:20 of 3rd period - Slapshot by Mark Giordano.
7:20 of 3rd period - Shot Blocked by Dylan DeMelo.
9:03 of 3rd period - Penalty to Oliver Bjorkstrand is over, Oliver Bjorkstrand is back on ice.
9:15 of 3rd period - Snap shot by Duncan Keith.
9:15 of 3rd period - Shot Blocked by Mark Giordano.
9:49 of 3rd period - Slapshot by John Carlson.
9:49 of 3rd period - Stopped by Michael Hutchinson with a rebound.
9:55 of 3rd period - John Carlson is hit by Vladislav Namestnikov and loses puck.
10:24 of 3rd period - Noel Acciari is hit by Nino Niederreiter and loses puck.
10:31 of 3rd period - Minor Penalty to Jeff Petry for Holding.
10:32 of 3rd period - Andrew Copp wins face-off versus Lars Eller in Red Wings zone.
10:47 of 3rd period - Snap shot by Josh Bailey.
10:47 of 3rd period - Deflect By Lars Eller.
10:47 of 3rd period - Stopped by Carter Hart without a rebound.
10:48 of 3rd period - Lars Eller wins face-off versus Nino Niederreiter in Red Wings zone.
12:31 of 3rd period - Penalty to Jeff Petry is over, Jeff Petry is back on ice.
13:03 of 3rd period - Keith Yandle is hit by Jeff Petry.
13:05 of 3rd period - Snap shot by Daniel Sprong.
13:05 of 3rd period - Shot Misses the Net.
13:19 of 3rd period - Wrist shot by Zemgus Girgensons.
13:19 of 3rd period - Goal by Zemgus Girgensons - Avalanche : 3 - Red Wings : 1.
13:20 of 3rd period - Mark Scheifele wins face-off versus Andrew Copp in neutral zone.
13:25 of 3rd period - Zdeno Chara is hit by Nino Niederreiter and loses puck.
14:18 of 3rd period - Warren Foegele is hit by Cam Atkinson and loses puck.
14:55 of 3rd period - Slapshot by David Pastrnak.
14:55 of 3rd period - Shot Misses the Net.
14:57 of 3rd period - Slapshot by Lars Eller.
14:57 of 3rd period - Stopped by Michael Hutchinson with a rebound.
14:59 of 3rd period - Slapshot by Dylan DeMelo.
14:59 of 3rd period - Shot Misses the Net.
15:01 of 3rd period - Wrist shot by Dylan DeMelo.
15:01 of 3rd period - Deflect By Mark Scheifele.
15:01 of 3rd period - Stopped by Michael Hutchinson with a rebound.
15:15 of 3rd period - Noel Acciari is hit by Marcus Pettersson and loses puck.
15:24 of 3rd period - Snap shot by Josh Leivo.
15:24 of 3rd period - Stopped by Carter Hart with a rebound.
15:43 of 3rd period - Slapshot by John Tavares.
15:43 of 3rd period - Stopped by Michael Hutchinson with a rebound.
16:13 of 3rd period - Slapshot by Mark Giordano.
16:13 of 3rd period - Stopped by Carter Hart with a rebound.
16:15 of 3rd period - Snap shot by Daniel Sprong.
16:15 of 3rd period - Shot Blocked by Duncan Keith.
16:17 of 3rd period - Wrist shot by Zack Smith.
16:17 of 3rd period - Stopped by Carter Hart with a rebound.
16:23 of 3rd period - Slapshot by Mark Giordano.
16:23 of 3rd period - Shot Blocked by John Carlson.
16:29 of 3rd period - Minor Penalty to Jujhar Khaira for Holding.
16:30 of 3rd period - Lars Eller wins face-off versus Andrew Copp in Red Wings zone.
17:39 of 3rd period - Icing by Keith Yandle.
17:40 of 3rd period - John Tavares wins face-off versus Radek Faksa in Avalanche zone.
17:41 of 3rd period - Slapshot by Sami Vatanen.
17:41 of 3rd period - Stopped by Michael Hutchinson without a rebound.
17:42 of 3rd period - Radek Faksa wins face-off versus Zemgus Girgensons in Avalanche zone.
17:56 of 3rd period - Slapshot by John Klingberg.
17:56 of 3rd period - Shot Misses the Net.
17:58 of 3rd period - Slapshot by Radek Faksa.
17:58 of 3rd period - Stopped by Carter Hart with a rebound.
18:29 of 3rd period - Penalty to Jujhar Khaira is over, Jujhar Khaira is back on ice.
18:33 of 3rd period - Icing by Vladislav Namestnikov.
18:34 of 3rd period - John Tavares wins face-off versus Radek Faksa in Avalanche zone.
18:41 of 3rd period - Snap shot by Cam Atkinson.
18:41 of 3rd period - Stopped by Michael Hutchinson with a rebound.
18:43 of 3rd period - Slapshot by Connor Brown.
18:43 of 3rd period - Shot Misses the Net.
18:45 of 3rd period - Wrist shot by Cam Atkinson.
18:45 of 3rd period - Shot Misses the Net.
18:47 of 3rd period - Slapshot by John Carlson.
18:47 of 3rd period - Shot Blocked by Keith Yandle.
18:49 of 3rd period - Slapshot by John Tavares.
18:49 of 3rd period - Shot Misses the Net.
18:51 of 3rd period - Snap shot by John Carlson.
18:51 of 3rd period - Stopped by Michael Hutchinson with a rebound.
Goals for this period are 1 for Avalanche vs 1 for Red Wings.
Shots for this period are 12 for Avalanche vs 10 for Red Wings.